TOP OF THE 1ST |
Los Angeles Dodgers batting - Pitching for Colorado Rockies : LHP Cooper Bate
|
Pitching: LHP Cooper Bate
|
|
Batting: RHB Jorge Severiano
|
0-0: Foul Ball, location: 2F 0-1: Foul Ball, location: 2F 0-2: Foul Ball, location: 2F 0-2: Ball 1-2: Ball 2-2: Foul Ball, location: 2F 2-2: Ground out 1-3 (Groundball, 13S, EV 73.8 MPH)
|
Batting: RHB Edwin Soto
|
0-0: Called Strike 0-1: Ball 1-1: Foul Ball, location: 2F 1-2: Ground out 6-3 (Groundball, 6, EV 85.0 MPH)
|
Batting: LHB Bob Branham
|
0-0: Swinging Strike 0-1: Ball 1-1: Ball 2-1: Foul Ball, location: 2F 2-2: Ball 3-2: Foul Ball, location: 2F 3-2: Base on Balls
|
Batting: LHB Lirak Bazhunaishvili
|
0-0: Fly out, F8 (Flyball, 8RM, EV 93.8 MPH)
|
Top of the 1st over - 0 runs, 0 hits, 0 errors, 1 left on base; Los Angeles 0 - Colorado 0 |
BOTTOM OF THE 1ST |
Colorado Rockies batting - Pitching for Los Angeles Dodgers : RHP Justin Scheithauer
|
Pitching: RHP Justin Scheithauer
|
|
Batting: RHB Joel Haycock
|
0-0: Swinging Strike 0-1: DOUBLE (Line Drive, 89D, EV 109.4 MPH)
|
Batting: RHB Roberto Rodriguez
|
0-0: Called Strike 0-1: Ball 1-1: Swinging Strike 1-2: Ball 2-2: Foul Ball, location: 2F 2-2: Foul Ball, location: 2F 2-2: Foul Ball, location: 2F 2-2: Strikes out looking
|
Batting: LHB Fabiano Perrolas
|
0-0: Ball 1-0: Fly out, F7 (Line Drive, 7D, EV 100.6 MPH)
|
Batting: RHB Jason Andrews
|
0-0: Ball 1-0: Ball 2-0: Foul Ball, location: 2F 2-1: Called Strike 2-2: Foul Ball, location: 2F 2-2: Fly out, F7 (Flyball, 78M, EV 87.5 MPH)
|
Bottom of the 1st over - 0 runs, 1 hit, 0 errors, 1 left on base; Los Angeles 0 - Colorado 0 |
TOP OF THE 2ND |
Los Angeles Dodgers batting - Pitching for Colorado Rockies : LHP Cooper Bate
|
Batting: RHB Clay Buchanan
|
0-0: Ball 1-0: Swinging Strike 1-1: Called Strike 1-2: Strikes out swinging
|
Batting: RHB Ben Mischnick
|
0-0: Ground out 6-3 (Groundball, 6, EV 82.5 MPH)
|
Batting: SHB Carlos Rodriguez
|
0-0: Ball 1-0: Called Strike 1-1: Bunted foul 1-2: Ball 2-2: Strikes out swinging
|
Top of the 2nd over - 0 runs, 0 hits, 0 errors, 0 left on base; Los Angeles 0 - Colorado 0 |
BOTTOM OF THE 2ND |
Colorado Rockies batting - Pitching for Los Angeles Dodgers : RHP Justin Scheithauer
|
Batting: LHB Robert Watson
|
0-0: Called Strike 0-1: Called Strike 0-2: Fly out, F8 (Flyball, 8LD, EV 96.9 MPH)
|
Batting: SHB Chris Blue
|
0-0: Ball 1-0: Called Strike 1-1: Ball 2-1: Ball 3-1: Base on Balls
|
Batting: RHB Sterling Acosta
|
0-0: Ball 1-0: Called Strike 1-1: Ball 2-1: Foul Ball, location: 2F 2-2: Foul Ball, location: 2F 2-2: Hit by Pitch Chris Blue to second
|
Batting: RHB Leo Mair
|
0-0: TRIPLE (Flyball, 89XD, EV 103.8 MPH) Chris Blue scores Sterling Acosta scores
|
Batting: RHB Stephen Charbonneau
|
0-0: DOUBLE (Groundball, 5L, EV 106.3 MPH) Leo Mair scores
|
Batting: RHB Joel Haycock
|
0-0: Ball Stephen Charbonneau steals 3rd base 1-0: Foul Ball, location: 2F 1-1: Swinging Strike 1-2: Ball 2-2: Ball 3-2: Base on Balls
|
Batting: RHB Roberto Rodriguez
|
0-0: Ball 1-0: Called Strike 1-1: Called Strike 1-2: SINGLE (Line Drive, 8LS, EV 97.5 MPH) Stephen Charbonneau scores Joel Haycock to second
|
Batting: LHB Fabiano Perrolas
|
0-0: Called Strike 0-1: Ball 1-1: Swinging Strike 1-2: Grounds into double play, 3-6-1 (Groundball, 3, EV 81.9 MPH)
|
Bottom of the 2nd over - 4 runs, 3 hits, 0 errors, 1 left on base; Los Angeles 0 - Colorado 4 |
TOP OF THE 3RD |
Los Angeles Dodgers batting - Pitching for Colorado Rockies : LHP Cooper Bate
|
Batting: LHB Ryan Taylor
|
0-0: Called Strike 0-1: DOUBLE (Flyball, 89XD, EV 101.3 MPH)
|
Batting: LHB Dalton Silveira
|
0-0: Fly out, F5 (Popup, 5F, EV 55.0 MPH)
|
Batting: RHB Jorge Severiano
|
0-0: Foul Ball, location: 2F 0-1: Ball 1-1: Ground out 5-3 (Groundball, 15, EV 84.4 MPH)
|
Batting: RHB Edwin Soto
|
0-0: Ball 1-0: Called Strike 1-1: Ground out U3 (Groundball, 34S, EV 85.6 MPH)
|
Top of the 3rd over - 0 runs, 1 hit, 0 errors, 1 left on base; Los Angeles 0 - Colorado 4 |
BOTTOM OF THE 3RD |
Colorado Rockies batting - Pitching for Los Angeles Dodgers : RHP Justin Scheithauer
|
Batting: RHB Jason Andrews
|
0-0: Fly out, F7 (Flyball, 7LS, EV 73.1 MPH)
|
Batting: LHB Robert Watson
|
0-0: Ball 1-0: Ground out U3 (Groundball, 34S, EV 83.1 MPH)
|
Batting: SHB Chris Blue
|
0-0: Ball 1-0: Foul Ball, location: 2F 1-1: Ball 2-1: Ball 3-1: Foul Ball, location: 2F 3-2: Foul Ball, location: 2F 3-2: Fly out, F4 (Popup, 34D, EV 63.8 MPH)
|
Bottom of the 3rd over - 0 runs, 0 hits, 0 errors, 0 left on base; Los Angeles 0 - Colorado 4 |
TOP OF THE 4TH |
Los Angeles Dodgers batting - Pitching for Colorado Rockies : LHP Cooper Bate
|
Batting: LHB Bob Branham
|
0-0: Ball 1-0: Ball 2-0: Called Strike 2-1: Ground out U3 (Groundball, 23, EV 94.4 MPH)
|
Batting: LHB Lirak Bazhunaishvili
|
0-0: Ball 1-0: Ball 2-0: Called Strike 2-1: Ball 3-1: Foul Ball, location: 2F 3-2: Strikes out swinging
|
Batting: RHB Clay Buchanan
|
0-0: Ball 1-0: Ball 2-0: Called Strike 2-1: Called Strike 2-2: SINGLE (Flyball, 56D, EV 90.6 MPH)
|
Batting: RHB Ben Mischnick
|
0-0: Ball 1-0: Swinging Strike 1-1: Ball 2-1: Ball 3-1: Foul Ball, location: 2F 3-2: Strikes out swinging
|
Top of the 4th over - 0 runs, 1 hit, 0 errors, 1 left on base; Los Angeles 0 - Colorado 4 |
BOTTOM OF THE 4TH |
Colorado Rockies batting - Pitching for Los Angeles Dodgers : RHP Justin Scheithauer
|
Batting: RHB Sterling Acosta
|
0-0: Ball 1-0: Ball 2-0: Called Strike 2-1: Foul Ball, location: 2F 2-2: Fly out, F3 (Popup, 3SF, EV 71.3 MPH)
|
Batting: RHB Leo Mair
|
0-0: Called Strike 0-1: SINGLE (Groundball, 34, EV 105.0 MPH)
|
Batting: RHB Stephen Charbonneau
|
0-0: Ball 1-0: Ball 2-0: Ball 3-0: Grounds into double play, 6-4-3 (Groundball, 56, EV 97.5 MPH)
|
Bottom of the 4th over - 0 runs, 1 hit, 0 errors, 0 left on base; Los Angeles 0 - Colorado 4 |
TOP OF THE 5TH |
Los Angeles Dodgers batting - Pitching for Colorado Rockies : LHP Cooper Bate
|
Pitching: RHP Victor Castillo
|
|
Batting: SHB Carlos Rodriguez
|
0-0: Called Strike 0-1: Ball 1-1: Foul Ball, location: 2F 1-2: Strikes out swinging
|
Batting: LHB Ryan Taylor
|
0-0: Ball 1-0: Ball 2-0: Ground out U3 (Groundball, 3, EV 105.6 MPH)
|
Batting: LHB Dalton Silveira
|
0-0: Called Strike 0-1: Fly out, F8 (Flyball, 8LS, EV 91.3 MPH)
|
Top of the 5th over - 0 runs, 0 hits, 0 errors, 0 left on base; Los Angeles 0 - Colorado 4 |
BOTTOM OF THE 5TH |
Colorado Rockies batting - Pitching for Los Angeles Dodgers : RHP Justin Scheithauer
|
Pitching: RHP Jason Englert
|
|
Batting: RHB Joel Haycock
|
0-0: Ball 1-0: Ball 2-0: Ball 3-0: Foul Ball, location: 2F 3-1: Swinging Strike 3-2: Ground out 4-3 (Groundball, 4S, EV 80.6 MPH)
|
Batting: RHB Roberto Rodriguez
|
0-0: Ball 1-0: Ball 2-0: Called Strike 2-1: SINGLE (Line Drive, 6D, EV 99.4 MPH)
|
Batting: LHB Fabiano Perrolas
|
0-0: Foul Ball, location: 2F 0-1: Ball 1-1: Ball 2-1: Ball 3-1: Base on Balls Roberto Rodriguez to second
|
Batting: RHB Jason Andrews
|
0-0: Ball 1-0: Swinging Strike 1-1: Ball 2-1: Fly out, F2 (Popup, 23F, EV 75.0 MPH)
|
Batting: LHB Robert Watson
|
0-0: Ball 1-0: Swinging Strike 1-1: Swinging Strike 1-2: Foul Ball, location: 2F 1-2: Strikes out looking
|
Bottom of the 5th over - 0 runs, 1 hit, 0 errors, 2 left on base; Los Angeles 0 - Colorado 4 |
TOP OF THE 6TH |
Los Angeles Dodgers batting - Pitching for Colorado Rockies : RHP Victor Castillo
|
Batting: RHB Jorge Severiano
|
0-0: Ball 1-0: Foul Ball, location: 2F 1-1: DOUBLE (Line Drive, 89XD, EV 105.6 MPH)
|
Batting: RHB Edwin Soto
|
0-0: Ground out 4-3 (Groundball, 4S, EV 80.6 MPH) Jorge Severiano to third
|
Batting: LHB Bob Branham
|
0-0: Ball 1-0: Fly out, F7 (Flyball, 78D, EV 82.5 MPH) Runner from 3rd tags up, OUT at HOME! 7-2
|
Top of the 6th over - 0 runs, 1 hit, 0 errors, 0 left on base; Los Angeles 0 - Colorado 4 |
BOTTOM OF THE 6TH |
Colorado Rockies batting - Pitching for Los Angeles Dodgers : RHP Jason Englert
|
Batting: SHB Chris Blue
|
0-0: Called Strike 0-1: Called Strike 0-2: Ball 1-2: Strikes out swinging
|
Batting: RHB Sterling Acosta
|
0-0: Swinging Strike 0-1: Ball 1-1: Ball 2-1: Ball 3-1: Foul Ball, location: 2F 3-2: Strikes out swinging, 2-3 out at first.
|
Batting: RHB Leo Mair
|
0-0: Called Strike 0-1: Ball 1-1: Foul Ball, location: 2F 1-2: Ground out 6-3 (Groundball, 56, EV 108.1 MPH)
|
Bottom of the 6th over - 0 runs, 0 hits, 0 errors, 0 left on base; Los Angeles 0 - Colorado 4 |
TOP OF THE 7TH |
Los Angeles Dodgers batting - Pitching for Colorado Rockies : RHP Victor Castillo
|
Batting: LHB Lirak Bazhunaishvili
|
0-0: Ground out 5-3 (Groundball, 56, EV 87.5 MPH)
|
Batting: RHB Clay Buchanan
|
0-0: SINGLE (Groundball, 56S, EV 70.6 MPH) (infield hit)
|
Batting: RHB Ben Mischnick
|
0-0: Foul Ball, location: 2F 0-1: Called Strike 0-2: Ball 1-2: Grounds into double play, 4-6-3 (Groundball, 4M, EV 81.9 MPH)
|
Top of the 7th over - 0 runs, 1 hit, 0 errors, 0 left on base; Los Angeles 0 - Colorado 4 |
BOTTOM OF THE 7TH |
Colorado Rockies batting - Pitching for Los Angeles Dodgers : RHP Jason Englert
|
Pitching: RHP Stephen Stanley
|
|
Batting: RHB Stephen Charbonneau
|
0-0: Ball 1-0: Ball 2-0: Ground out 4-3 (Groundball, 4D, EV 80.0 MPH)
|
Batting: RHB Joel Haycock
|
0-0: Ground out 6-3 (Groundball, 56D, EV 90.0 MPH)
|
Pinch Hitting: RHB Chad Thompson
|
0-0: Ball 1-0: Fly out, F9 (Flyball, 9LS, EV 81.3 MPH)
|
Bottom of the 7th over - 0 runs, 0 hits, 0 errors, 0 left on base; Los Angeles 0 - Colorado 4 |
TOP OF THE 8TH |
Los Angeles Dodgers batting - Pitching for Colorado Rockies : RHP Victor Castillo
|
Now in CF: Chad Thompson
|
|
Batting: SHB Carlos Rodriguez
|
0-0: Swinging Strike 0-1: Ball 1-1: Foul Ball, location: 2F 1-2: Ball 2-2: Ball 3-2: Fly out, F7 (Flyball, 7, EV 86.3 MPH)
|
Batting: LHB Ryan Taylor
|
0-0: Swinging Strike 0-1: Ball 1-1: Swinging Strike 1-2: Ball 2-2: Strikes out swinging
|
Batting: LHB Dalton Silveira
|
0-0: Ball 1-0: Fly out, F9 (Line Drive, 9, EV 103.8 MPH)
|
Top of the 8th over - 0 runs, 0 hits, 0 errors, 0 left on base; Los Angeles 0 - Colorado 4 |
BOTTOM OF THE 8TH |
Colorado Rockies batting - Pitching for Los Angeles Dodgers : RHP Stephen Stanley
|
Pitching: RHP Luke Kinman
|
|
Batting: LHB Fabiano Perrolas
|
0-0: Ball 1-0: Ball 2-0: Ground out 6-3 (Groundball, 4MD, EV 99.4 MPH)
|
Pinch Hitting: RHB Kian-tat Chen
|
0-0: Ball 1-0: Ball 2-0: Ball 3-0: Fly out, F9 (Flyball, 89M, EV 90.6 MPH)
|
Pinch Hitting: SHB Jon Munoz
|
0-0: Called Strike 0-1: Swinging Strike 0-2: Foul Ball, location: 2F 0-2: Ball 1-2: Strikes out swinging
|
Bottom of the 8th over - 0 runs, 0 hits, 0 errors, 0 left on base; Los Angeles 0 - Colorado 4 |
TOP OF THE 9TH |
Los Angeles Dodgers batting - Pitching for Colorado Rockies : RHP Victor Castillo
|
Now in LF: In-sung Lee
|
|
Now in RF: Kian-tat Chen
|
|
Batting: LHB Chris Ringwood
|
0-0: Ball 1-0: Ball 2-0: Called Strike 2-1: Ball 3-1: Swinging Strike 3-2: Foul Ball, location: 2F 3-2: DOUBLE (Groundball, 3L, EV 105.0 MPH)
|
Pinch Hitting: SHB Joel Baker
|
0-0: Called Strike 0-1: Ball 1-1: Fly out, F7 (Flyball, 7LM, EV 85.6 MPH)
|
Pinch Hitting: RHB John Manocchio
|
0-0: DOUBLE (Line Drive, 89XD, EV 110.0 MPH) Chris Ringwood scores
|
Pitching: RHP Gabe Baxter
|
|
Pinch Hitting: RHB Isaiah Yarbrough
|
0-0: Ball 1-0: Ball 2-0: Foul Ball, location: 2F 2-1: SINGLE (Line Drive, 6D, EV 100.6 MPH) John Manocchio to third
|
Batting: RHB Clay Buchanan
|
0-0: Ball 1-0: Grounds into double play, 6-4-3 (Groundball, 6, EV 87.5 MPH)
|
Top of the 9th over - 1 run, 3 hits, 0 errors, 1 left on base; Los Angeles 1 - Colorado 4 |
|